 Dungeon Crawl Stone Soup version 0.27-a0-1144-g0b7d3b79db (webtiles) character file.

Game seed: 8414852438733177822

3636 Lanoc the Geomancer (level 9, -6/86 (88) HPs)
             Began as a Troll Earth Elementalist on May 10, 2021.
             Was the Champion of Lugonu.
             Mangled by a killer bee (8 damage)
             ... on level 8 of the Dungeon.
             The game lasted 00:16:27 (9374 turns).

Lanoc the Geomancer (Troll Earth Elementalist)      Turns: 9374, Time: 00:16:27

HP:   -6/86 (88)    AC:  4    Str: 18    XL:     9   Next: 87%
MP:   4/11          EV: 11    Int: 14    God:    Lugonu [******]
Gold: 833           SH:  5    Dex: 10    Spells: 2/10 levels left

rFire    . . .     SeeInvis .   (no weapon)
rCold    . . .     Faith    .   (no shield)
rNeg     . . .     Spirit   .   c - +0 robe
rPois    .         Reflect  +   (helmet restricted)
rElec    .         Harm     .   (no cloak)
rCorr    .         Rampage  .   (gloves unavailable)
Will     .....                  (boots unavailable)
Stlth    +.........             f - amulet of reflection
HPRegen  1.24/turn              (no ring)
MPRegen  0.12/turn              (no ring)

@: brilliant, lethally poisoned (-6 -> -6), attractive, lightly drained
A: large, unfitting armour, claws 3, regeneration 1, shaggy fur 1, tough skin 1
a: Renounce Religion, Depart the Abyss, Bend Space, Banish, Corrupt, Enter the
Abyss, Brand Weapon With Distortion


You were on level 8 of the Dungeon.
You worshipped Lugonu.
Lugonu was exalted by your worship.
You visited 2 branches of the dungeon, and saw 9 of its levels.
You also visited: Sewer.

You collected 833 gold pieces.

Inventory:

Missiles
 a - 2 curare-tipped darts
 b - 286 stones
Armour
 c - a +0 robe (worn)
Jewellery
 f - an amulet of reflection (around neck)
 r - a ring of poison resistance
Wands
 j - a wand of iceblast (21)
 k - a wand of polymorph (6)
 s - a wand of paralysis (14)
Scrolls
 e - 2 scrolls of torment {unknown}
 g - 7 scrolls of teleportation
 i - a scroll of amnesia {unknown}
 l - a scroll of immolation {unknown}
 p - a scroll of noise {unknown}
 q - 2 scrolls of blinking {unknown}
 t - a scroll of silence {unknown}
Potions
 d - a potion of invisibility
 h - a potion of brilliance
 n - 2 potions of flight
 u - a potion of haste


   Skills:
 + Level 5.3 Fighting
 + Level 5.7 Dodging
 - Level 1.0 Stealth
 - Level 1.2 Spellcasting
 - Level 0.6 Transmutations
 * Level 9.1 Earth Magic
 + Level 4.3 Invocations


You had 2 spell levels left.
You knew the following spells:

 Your Spells              Type           Power      Damage    Failure   Level
a - Sandblast             Erth           78%        2d17      1%          1
b - Passwall              Tmut/Erth      17%        N/A       5%          2
d - Lee's Rapid Deconstr  Erth           19%        3d12*     17%         5

Your spell library contained the following spells:

 Spells                   Type           Power      Damage    Failure   Level
 Magic Dart               Conj           4%         1d3       26%         1
 Blink                    Tloc           N/A        N/A       36%         2
 Call Imp                 Summ           1%         N/A       36%         2
 Slow                     Hex            1%         N/A       36%         2
 Stone Arrow              Conj/Erth      40%        3d9       12%         3
 Petrify                  Tmut/Erth      21%        N/A       34%         4
 Conjure Flame            Conj/Fire      1%         6-21      61%         3
 Mephitic Cloud           Conj/Pois/Air  1%         N/A       61%         3


Dungeon Overview and Level Annotations

Branches:
Dungeon (8/15)             Temple (1/1) D:6           Sewer (visited)
   Lair: D:8-11

Altars:
Ashenzari
Elyvilon
Gozag
Okawaru
Qazlal
Uskayaw
Vehumet
The Shining One
Lugonu

Annotations:
D:4 2 runed translucent doors, ma3's ghost, amateur KoHu
D:8 Grum


Innate Abilities, Weirdness & Mutations

You are too large for most types of armour.
You have claws for hands.
Your natural rate of healing is unusually fast.
You are covered in fur. (AC +1)
You have tough skin. (AC +1)


Message History

Casting: Lee's Rapid Deconstruction (dangerous; 17% risk of failure)
Confirm with . or Enter, or press ? or * to list all spells.
You don't have enough magic to cast this spell.
Unknown command.
It was a potion of attraction.
You feel attractive to monsters.
* * * LOW HITPOINT WARNING * * *
You feel very sick.
The killer bee closely misses you. x2; The wyvern is pulled toward you!
The centaur is pulled toward you! The wight is pulled toward you!
* * * LOW HITPOINT WARNING * * *
You feel very sick.
The wyvern bites you but does no damage.
You block the killer bee's attack. The wight is pulled toward you!
* * * LOW HITPOINT WARNING * * *
You feel sick. You block the killer bee's attack.
You feel sick.
As you read the scroll of fear, it crumbles to dust.
You assume a fearsome visage.
The wyvern looks frightened!
The centaur easily resists.
The wight is unaffected.
The killer bee looks frightened! x2
* * * LOW HITPOINT WARNING * * *
You feel sick.
Cornered, the killer bee turns to fight!
The wyvern is pulled toward you!
As you read the scroll of fear, it crumbles to dust.
You assume a fearsome visage.
The centaur looks frightened!
The wight is unaffected.
The killer bee looks frightened!
You feel sick.
Cornered, the killer bee turns to fight!
The wyvern is pulled toward you!
You feel sick. You block the killer bee's attack. The killer bee misses you.
The wyvern is pulled toward you!
Casting: Lee's Rapid Deconstruction (dangerous; 17% risk of failure)
Confirm with . or Enter, or press ? or * to list all spells.
You don't have enough magic to cast this spell.
You feel clever all of a sudden.
You feel sick.
The killer bee stings you but does no damage.
The killer bee stings you!
You die...

#....###...#.....#
...z ......#...c)#
####.#####..[...)<#
Y......##l##.## #.
. #.....).#
....##.#### .## #z#
#y# #@# ........#
...##...# ##..#
...# ....# ....#
#.####


You could see a wyvern (fleeing), a killer bee and a wight.

Vanquished Creatures
  A steam dragon (D:7)
  Menkaure (D:5)
  2 water moccasins
  A sky beast (D:6)
  A hornet zombie (D:7)
  2 black bears
  An ogre (D:5)
  2 centaurs
  3 kobold brigands (D:3)
  2 wyvern zombies
  2 bullfrogs
  A scorpion (D:4)
  A water moccasin zombie (D:5)
  2 water moccasin skeletons
  7 killer bees
  5 wights (D:7)
  2 howler monkeys
  A bullfrog zombie (D:6)
  2 bullfrog skeletons
  3 hounds (D:5)
  5 orc priests
  2 jellies (D:6)
  A gnoll shaman (D:5)
  5 iguanas
  9 orc wizards
  A killer bee zombie (D:7)
  16 gnolls
  16 adders
  3 shadow imps
  An adder skeleton (D:4)
  3 worms
  3 dart slugs
  28 orcs
  14 endoplasms
  12 giant cockroaches
  4 goblins
  7 hobgoblins
  3 jackals (D:3)
  17 quokkas
  27 ball pythons
  4 bats
  10 frilled lizards
  43 kobolds
  6 rats
282 creatures vanquished.

Notes
Turn   | Place    | Note
-------+----------+-------------------------------------------
     0 | D:1      | Lanoc the Troll Earth Elementalist began the quest for the
                  | Orb.
     0 | D:1      | Reached XP level 1. HP: 16/16 MP: 1/1
   243 | D:1      | Reached skill level 3 in Earth Magic
   304 | D:1      | Reached XP level 2. HP: 26/26 MP: 2/2
   752 | D:1      | Found a faded altar of an unknown god.
   759 | D:1      | Became a worshipper of Lugonu the Unformed
   759 | D:1      | Reached * piety under Lugonu
   759 | D:1      | Reached ** piety under Lugonu
  1020 | D:2      | Reached XP level 3. HP: 32/32 MP: 3/3
  1081 | D:2      | Reached skill level 1 in Fighting
  2112 | D:3      | Reached XP level 4. HP: 36/41 MP: 4/4
  2198 | D:3      | Noticed a kobold brigand
  2235 | D:4      | Found a glowing drain.
  2278 | Sewer    | Entered a sewer
  2348 | Sewer    | Reached skill level 4 in Earth Magic
  2352 | Sewer    | Reached *** piety under Lugonu
  2499 | Sewer    | Reached XP level 5. HP: 38/49 MP: 5/5
  2708 | D:4      | Reached **** piety under Lugonu
  2824 | D:4      | Reached XP level 6. HP: 42/57 MP: 6/6
  3118 | D:4      | Reached skill level 5 in Earth Magic
  3134 | D:4      | Found a large runed translucent door.
  3134 | D:4      | Found a large runed translucent door.
  3136 | D:4      | Noticed ma3's ghost (amateur KoHu)
  3585 | D:4      | Reached XP level 7. HP: 29/66 MP: 4/7
  3910 | D:4      | Reached skill level 6 in Earth Magic
  4507 | D:3      | Reached ***** piety under Lugonu
  4641 | D:3      | Reached XP level 8. HP: 14/75 MP: 1/8
  4970 | D:3      | Reached skill level 1 in Invocations
  5406 | D:5      | Entered Level 5 of the Dungeon
  5661 | D:5      | Noticed Menkaure
  5664 | D:5      | Killed Menkaure
  5665 | D:5      | Reached skill level 7 in Earth Magic
  6207 | D:5      | HP: 2/78 [orc priest/divine providence (14)]
  6702 | D:5      | Reached XP level 9. HP: 77/85 MP: 10/10
  6820 | D:6      | Found a staircase to the Ecumenical Temple.
  6822 | D:6      | You fall into a shaft and drop 1 floor!
  6822 | D:7      | Found a broken altar of Ashenzari.
  6834 | D:7      | Reached skill level 5 in Dodging
  6834 | D:7      | Reached skill level 8 in Earth Magic
  6992 | D:7      | Learned a level 2 spell: Passwall
  6998 | D:7      | Learned a level 5 spell: Lee's Rapid Deconstruction
  7187 | D:7      | Found a white marble altar of Elyvilon.
  7513 | D:6      | Found a hide-covered altar of Uskayaw.
  7846 | Temple   | Entered the Ecumenical Temple
  7958 | D:6      | Found a glowing golden altar of the Shining One.
  8217 | D:6      | Reached skill level 5 in Fighting
  8467 | D:7      | Found an opulent altar of Gozag.
  8812 | D:7      | Found a radiant altar of Vehumet.
  9081 | D:8      | Noticed Grum
  9087 | D:7      | Reached ****** piety under Lugonu
  9088 | D:7      | Reached skill level 9 in Earth Magic
  9367 | D:8      | HP: 4/86 [poisoned by a killer bee]
  9371 | D:8      | HP: 1/86 [poisoned by a killer bee]
  9374 | D:8      | Mangled by a killer bee

Illustrated notes

Levels and vault maps discovered:
D:1:      dpeg_arrival_solitude, layout_loops_corners,
          shapermc_ecumenical_altar_notcrosses
D:2:      layout_basic
D:3:      minmay_goblin_kobold_castle, layout_basic, nrook_campfire,
          small_statue_intersection, chequers_serial_rivers_large_a,
          grunt_ministairs_3
D:4:      minmay_polygon_palace, layout_basic, cheibrodos_sewer_entry_bend,
          ebering_ghost_disaster_area, minmay_snake_closets
D:5:      layout_gridville, st_stairs_7, minmay_misc_feat_chi,
          dk_noncrumbling_2, kennysheep_generic_room_13, uniq_menkaure
D:6:      layout_loops_ring, lemuel_coloured_pillars_altar,
          nicolae_uskayaw_murder_on_the_dancefloor, minmay_temple_entry_waves,
          minmay_strange_pillars
D:7:      layout_gridville, nicolae_vehumet_altar_sigil,
          evilmike_ruin_ashenzari, nicolae_gozag_seed_capital,
          nicolae_elyvilon_peaceful_grove, minmay_liquid_box, st_stairs_9
D:8:      layout_loops_ring, kennysheep_mini, nicolae_dithmenos_shadow_blocks,
          uniq_psyche, uniq_grum
Temple:   hc_temple_tempest_star

Skill      XL: |  1  2  3  4  5  6  7  8  9 |
---------------+----------------------------+-----
Earth Magic    | 3 4 5 6 7 9 |  9.1
Fighting       | 1 2 3 4 5 |  5.3
Dodging        | 2 3 4 5 |  5.7
Invocations    | 2 4 |  4.3
Stealth        | |  1.0
Spellcasting   | |  1.2
Transmutations | |  0.6

Action                   |  1- 3 |  4- 6 |  7- 9 || total
-------------------------+-------+-------+-------++-------
Melee: Unarmed           |   129 |   357 |   457 ||   943
 Cast: Sandblast         |     3 |    26 |   189 ||   218
       Lee's Rapid Decon |       |       |     5 ||     5
  Use: Scroll            |       |     5 |     6 ||    11
       Potion            |       |       |     7 ||     7
 Stab: Sleeping          |     5 |     5 |     2 ||    12
Armor: Robe              |    41 |   107 |   115 ||   263
       Skin              |       |       |     4 ||     4
Dodge: Dodged            |    60 |   187 |   315 ||   562
Block: Other             |    28 |    75 |   152 ||   255
       Reflection        |     1 |       |     7 ||     8

Table legend: (Time is in decaauts)
 A = Elapsed time spent in this place.
 B = Non-inter-level travel time spent in this place.
 C = Inter-level travel time spent in this place.
 D = Time resting spent in this place.
 E = Time spent auto-exploring this place.
 F = Levels seen in this place.
 G = Mean time per level.
                   A        B        C        D        E       F      G
               +--------+--------+--------+--------+--------+-----+--------+
         Total |   9464 |   9179 |    285 |    250 |   6778 |  10 |  946.4 |
       Dungeon |   9054 |   8769 |    285 |    250 |   6630 |   8 | 1131.8 |
        Temple |      4 |      4 |      0 |      0 |      0 |   1 |    4.0 |
         Sewer |    405 |    405 |      0 |      0 |    148 |   1 |  405.0 |
               +--------+--------+--------+--------+--------+-----+--------+

Top non-repeatable levels by time:
     D:4: 1864 daAuts
     D:3: 1488 daAuts
     D:5: 1317 daAuts
     D:7: 1303 daAuts
     D:6: 1211 daAuts
     D:2: 902 daAuts
     D:1: 868 daAuts
   Sewer: 405 daAuts
     D:8: 99 daAuts
  Temple: 4 daAuts
